 Dungeon Crawl Stone Soup version 0.23-a0-550-g7de1f8e (webtiles) character file.

480 GroovyGamera the Skirmisher (level 7, -6/66 HPs)
             Began as a Gargoyle Fighter on Dec 8, 2018.
             Mangled by an iron imp (7 damage)
             ... summoned by Eustachio
             ... on level 4 of the Dungeon.
             The game lasted 00:06:17 (2654 turns).

GroovyGamera the Skirmisher (Gargoyle Fighter)      Turns: 2654, Time: 00:06:18

Health: -6/66      AC: 23    Str: 24    XL:     7   Next: 11%
Magic:  7/7        EV:  2    Int: 11    God:
Gold:   81         SH:  9    Dex:  9    Spells: 6/6 levels left

rFire    . . .     SeeInvis .   x - +3 war axe (freeze)
rCold    . . .     Gourm    .   c - +0 shield
rNeg     + + +     Faith    .   (armour currently unavailable)
rPois    ∞         Spirit   .   (helmet currently unavailable)
rElec    .         Reflect  .   (cloak currently unavailable)
rCorr    .         Harm     .   (gloves currently unavailable)
MR       .....     NoTele   +   (boots currently unavailable)
Stlth    +.........             (no amulet)
HPRegen  0.21/turn              (no ring)
MPRegen  0.10/turn              (no ring)

@: mighty, tree-form
A: negative energy resistance 1, petrification resistance, rot immunity, AC +4
a: no special abilities


You were on level 4 of the Dungeon.
You were not hungry.
You were a tree.
You visited 1 branch of the dungeon, and saw 4 of its levels.

You collected 256 gold pieces.
You spent 175 gold pieces at shops.

Inventory:

Hand Weapons
 x - a +3 war axe of freezing (weapon)
Missiles
 h - 7 poisoned needles
 j - 4 tomahawks (quivered)
Armour
 b - a +0 scale mail (melded)
 c - a +0 shield (worn)
Jewellery
 l - an uncursed ring of protection from magic {unknown}
 s - an uncursed amulet of guardian spirit {unknown}
Wands
 g - a wand of disintegration (16)
Scrolls
 e - 2 scrolls of fog {unknown}
 i - 2 scrolls of identify {unknown}
 n - 4 scrolls of teleportation {unknown}
 o - a scroll of random uselessness {unknown}
Potions
 k - 2 potions of haste {unknown}
 m - 2 potions of degeneration {unknown}
 p - a potion of invisibility {unknown}
 q - 2 potions of lignification
 r - 2 potions of cancellation {unknown}
 t - 2 potions of agility {unknown}
 u - 2 potions of berserk rage {unknown}
Comestibles
 f - 7 rations
 v - 4 chunks of flesh


   Skills:
 + Level 5.1 Fighting
 * Level 5.0 Axes
 + Level 5.1 Armour
 - Level 3.2 Shields


You had 6 spell levels left.
You didn't know any spells.
Your spell library was empty.

Dungeon Overview and Level Annotations

Branches:
Dungeon (4/15)
 Temple: D:4-7

Altars:
Elyvilon
Fedhas
Xom

Shops:
D:4 (

Annotations:
D:4 Eustachio


Innate Abilities, Weirdness & Mutations

You are resistant to torment.
((Your stone body is resilient. (AC +4)))
You are immune to poison.
You resist negative energy. (rN+)
((You are resistant to electric shocks. (rElec)))
((You can survive without breathing.))
You are immune to petrification.
You are immune to rotting.


Message History

Eustachio mumbles some strange words.
Some of the chunks of flesh in your inventory have rotted away.
You slash the ogre! You freeze the ogre.
You kill the ogre!
Your Fighting skill increases to level 5!
Your Axes skill increases to level 5!
Your Armour skill increases to level 5!
You have reached level 7!
You completely miss the iron imp.
Eustachio gestures wildly while chanting.
Eustachio blinks!
You block the iron imp's attack.
You closely miss the quasit. You hit the iron imp. You freeze the iron imp.
You block the quasit's attack. The quasit claws you.
* * * LOW HITPOINT WARNING * * *
The quasit claws you but does no damage.
Eustachio gestures wildly while chanting.
The quasit bites you but does no damage.
You block the quasit's attack.
The quasit claws you but does no damage.
The iron imp hits you!
You die...

....####..##....##..##..#
.......÷.####......####.##
####.....## #.....## #..#
###....##.....## #.##
##..........#..#####.#
#.........####...##..#
#..###....# ##.......# ###
#....###..#..####
#..♣5.##...[.#
####5..........#
#...$....####..#
....5.......## ##.##
....@..#.....# ##.#####
###..###..#...# #......##
#.. ...###..###..###..# #.
..## #..#..## ##.. # ...
#....# ##...


You could see Eustachio, an iron imp, a quasit and a crimson imp.

Vanquished Creatures
  An ogre (D:4)
  2 scorpions (D:4)
  2 hounds
  An orc priest (D:3)
  An orc wizard (D:3)
  An iguana (D:4)
  3 gnolls (D:4)
  4 adders
  2 worms (D:2)
  4 dart slugs
  A leopard gecko (D:1)
  3 orcs (D:3)
  2 giant cockroaches
  10 goblins
  9 hobgoblins
  4 jackals (D:1)
  8 bats
  5 frilled lizards
  6 kobolds
  8 rats
  A plant (D:3)
78 creatures vanquished.

Notes
Turn   | Place    | Note
-------+----------+-------------------------------------------
     0 | D:1      | GroovyGamera the Gargoyle Fighter began the quest for the
                  | Orb.
     0 | D:1      | Reached XP level 1. HP: 14/14 MP: 1/1
    36 | D:1      | Reached XP level 2. HP: 14/19 MP: 2/2
   146 | D:1      | Reached XP level 3. HP: 21/23 MP: 3/3
   653 | D:2      | Found a white marble altar of Elyvilon.
   900 | D:2      | Reached XP level 4. HP: 29/29 MP: 4/4
  1124 | D:3      | Found a shimmering altar of Xom.
  1125 | D:3      | Found a shimmering altar of Xom.
  1126 | D:3      | Found a shimmering altar of Xom.
  1127 | D:3      | Found a shimmering altar of Xom.
  1128 | D:3      | Found a shimmering altar of Xom.
  1216 | D:3      | Found a blossoming altar of Fedhas.
  1760 | D:3      | Reached XP level 5. HP: 27/33 MP: 5/5
  2207 | D:4      | Reached XP level 6. HP: 30/39 MP: 6/6
  2397 | D:4      | Found Tyzydd's Antique Weapon Emporium.
  2401 | D:4      | Bought a runed war axe for 175 gold pieces
  2634 | D:4      | Noticed Eustachio
  2648 | D:4      | HP: 1/40 [ogre/+0 giant spiked club (19)]
  2653 | D:4      | Reached skill level 5 in Fighting
  2653 | D:4      | Reached skill level 5 in Axes
  2653 | D:4      | Reached skill level 5 in Armour
  2653 | D:4      | Reached XP level 7. HP: 3/44 MP: 7/7
  2654 | D:4      | HP: 1/66 [quasit[Eustachio] (2)]
  2654 | D:4      | Mangled by an iron imp

Vault maps used:
D:1:      erik_arrival_triangle_small
D:2:      old_standard_altar, minmay_tiny_reverse_x
D:3:      fedhas_ov_isle_minmay, first_ration, xom_redecorated
D:4:      nicolae_qazlal_general_emergency, serial_shops, shop,
          minmay_fountain_box, uniq_eustachio

Skill      XL: |  1  2  3  4  5  6 |
---------------+-------------------+-----
Axes           | 2 3 4 5 |  5.0
Fighting       | 4 5 |  5.1
Armour         | 4 5 |  5.1
Shields        | |  3.2

Action                   |  1- 3 |  4- 6 |  7- 9 || total
-------------------------+-------+-------+-------++-------
Melee: War axe           |   160 |   153 |     1 ||   314
       Hand axe          |       |    39 |       ||    39
  Use: Potion            |       |     2 |       ||     2
  Eat: Chunk             |       |     4 |       ||     4
       Ration            |       |     1 |       ||     1
Armor: Scale mail        |   100 |   100 |       ||   200
       Skin              |       |       |     3 ||     3
Dodge: Dodged            |    77 |    57 |       ||   134
Block: Shield            |    91 |   112 |     3 ||   206

Table legend:
 A = Non-vault XP
 B = Vault XP
 C = Vault XP percentage of total XP
 D = Non-vault monster count
 E = Vault monster count
 F = Vault count percentage of total count
                 A         B        C        D         E       F
            +---------+---------+-------+---------+---------+-------
      Total |     684 |       2 |   0.3 |      75 |       2 |   2.6
            +---------+---------+-------+---------+---------+-------
        D:1 |      60 |       0 |   0.0 |      31 |       0 |   0.0
        D:2 |      32 |       2 |   5.9 |      15 |       2 |  11.8
        D:3 |     188 |       0 |   0.0 |      20 |       0 |   0.0
        D:4 |     404 |       0 |   0.0 |       9 |       0 |   0.0
            +---------+---------+-------+---------+---------+-------
